TOP OF THE 1ST |
Indiana Hoosiers batting - Pitching for Texas Tech Red Raiders : LHP Robbie Dodson
|
Pitching: LHP Robbie Dodson
|
|
Batting: SHB Terry Christian
|
0-0: Ball 1-0: Ground out 4-3 (Groundball, 34)
|
Batting: RHB Elwood López
|
0-0: Ball 1-0: Ball 2-0: Called Strike 2-1: Ball 3-1: Base on Balls
|
Batting: RHB Stephen Concepción
|
0-0: Ball 1-0: Ball 2-0: Swinging Strike 2-1: Ball 3-1: Base on Balls Elwood López to second
|
Batting: RHB Curtis West
|
0-0: Foul Ball, location: 2F 0-1: Ball 1-1: Ball 2-1: Ground out 5-3 (Groundball, 5S) Elwood López to third Stephen Concepción to second
|
Batting: RHB Troy Johnson
|
0-0: Ball 1-0: Foul Ball, location: 2F 1-1: Swinging Strike 1-2: DOUBLE (Line Drive, 5D) Elwood López scores Stephen Concepción scores
|
Batting: LHB Michael Hanson
|
0-0: Ball 1-0: SINGLE (Line Drive, 34) Troy Johnson to third Runner from 3rd tries for Home, SAFE, no throw or cutoff
|
Batting: RHB Will White
|
0-0: Ball 1-0: SINGLE (Line Drive, 9S) Michael Hanson to second Runner from 2nd tries for 3rd, SAFE, no throw or cutoff
|
Batting: RHB Terry Pittman
|
0-0: Ball 1-0: Called Strike 1-1: Swinging Strike 1-2: Foul Ball, location: 2F 1-2: Ball 2-2: Ball 3-2: Base on Balls Will White to second
|
Batting: RHB Carl Rollins
|
0-0: Called Strike 0-1: Fly out, F9 (Flyball, 89M)
|
Top of the 1st over - 3 run(s), 3 hit(s), 0 error(s), 3 left on base; Indiana 3 - Texas Tech 0 |
BOTTOM OF THE 1ST |
Texas Tech Red Raiders batting - Pitching for Indiana Hoosiers : RHP Jared Johnston
|
Pitching: RHP Jared Johnston
|
|
Batting: SHB Mike Miller
|
0-0: Ball 1-0: Ball 2-0: Called Strike 2-1: Called Strike 2-2: Ball 3-2: Base on Balls
|
Batting: RHB Greg Hansen
|
0-0: Grounds into double play, 6-4-3 (Groundball, 6M)
|
Batting: RHB Mark Joseph
|
0-0: Ball 1-0: Ball 2-0: Ball 3-0: Base on Balls
|
Batting: RHB Josh Bergman
|
0-0: Ball 1-0: Ball Mark Joseph steals 2nd base 2-0: Foul Ball, location: 2F 2-1: Ball 3-1: Base on Balls
|
Batting: RHB Gary Miller
|
0-0: Foul Ball, location: 2F 0-1: Ball 1-1: Ball 2-1: Ball 3-1: Fly out, F7 (Flyball, 78M)
|
Bottom of the 1st over - 0 run(s), 0 hit(s), 0 error(s), 2 left on base; Indiana 3 - Texas Tech 0 |
TOP OF THE 2ND |
Indiana Hoosiers batting - Pitching for Texas Tech Red Raiders : LHP Robbie Dodson
|
Batting: SHB Terry Christian
|
0-0: Ball 1-0: Ground out U3 (Groundball, 3)
|
Batting: RHB Elwood López
|
0-0: Ball 1-0: Called Strike 1-1: Foul Ball, location: 2F 1-2: Ball 2-2: Ball 3-2: Foul Ball, location: 2F 3-2: Foul Ball, location: 2F 3-2: Strikes out swinging
|
Batting: RHB Stephen Concepción
|
0-0: Ball 1-0: Swinging Strike 1-1: Called Strike 1-2: Ball 2-2: Reached on error, E5 (Groundball, 56)
|
Batting: RHB Curtis West
|
0-0: Ball Stephen Concepción is caught stealing 2nd base
|
Top of the 2nd over - 0 run(s), 0 hit(s), 1 error(s), 0 left on base; Indiana 3 - Texas Tech 0 |
BOTTOM OF THE 2ND |
Texas Tech Red Raiders batting - Pitching for Indiana Hoosiers : RHP Jared Johnston
|
Batting: RHB Travis Ezell
|
0-0: Ball 1-0: SINGLE (Line Drive, 8LS)
|
Batting: LHB Jorge Ramírez
|
0-0: Called Strike 0-1: Swinging Strike 0-2: Strikes out swinging
|
Batting: SHB Andrés Cruz
|
0-0: Called Strike 0-1: Ball 1-1: Foul Ball, location: 2F 1-2: Fly out, F8 (Flyball, 8LM)
|
Batting: RHB Cameron Irwin
|
0-0: Called Strike 0-1: Foul Ball, location: 2F 0-2: Ball 1-2: Foul Ball, location: 2F 1-2: Strikes out looking
|
Bottom of the 2nd over - 0 run(s), 1 hit(s), 0 error(s), 1 left on base; Indiana 3 - Texas Tech 0 |
TOP OF THE 3RD |
Indiana Hoosiers batting - Pitching for Texas Tech Red Raiders : LHP Robbie Dodson
|
Batting: RHB Curtis West
|
0-0: Ball 1-0: Ball 2-0: Called Strike 2-1: Foul Ball, location: 2F 2-2: SINGLE (Line Drive, 7S)
|
Batting: RHB Troy Johnson
|
0-0: Called Strike 0-1: Foul Ball, location: 2F 0-2: Ball 1-2: SINGLE (Line Drive, 4D) Curtis West to second Runner from 2nd tries for 3rd, SAFE, no throw or cutoff
|
Batting: LHB Michael Hanson
|
0-0: Called Strike 0-1: Ball 1-1: Foul Ball, location: 2F 1-2: Strikes out swinging
|
Batting: RHB Will White
|
0-0: Called Strike 0-1: Fly out, F6 (Popup, 56D)
|
Batting: RHB Terry Pittman
|
0-0: Ball 1-0: 3-RUN HOME RUN (Flyball, 78D), Distance : 389 ft
|
Batting: RHB Carl Rollins
|
0-0: Ball 1-0: Ball 2-0: Foul Ball, location: 2F 2-1: Foul Ball, location: 2F 2-2: Strikes out swinging
|
Top of the 3rd over - 3 run(s), 3 hit(s), 0 error(s), 0 left on base; Indiana 6 - Texas Tech 0 |
BOTTOM OF THE 3RD |
Texas Tech Red Raiders batting - Pitching for Indiana Hoosiers : RHP Jared Johnston
|
Batting: SHB Mike Miller
|
0-0: Ball 1-0: Swinging Strike 1-1: Ball 2-1: Ball 3-1: Base on Balls
|
Batting: RHB Greg Hansen
|
0-0: Foul Ball, location: 2F 0-1: Ball Mike Miller steals 2nd base 1-1: Called Strike 1-2: Strikes out swinging
|
Batting: RHB Mark Joseph
|
0-0: Called Strike 0-1: Swinging Strike 0-2: Reached on error, E5 (Groundball, 5L) Mike Miller to third
|
Batting: RHB Josh Bergman
|
0-0: Swinging Strike 0-1: Ball 1-1: Ball 2-1: Ball 3-1: Base on Balls Mark Joseph to second
|
Batting: RHB Gary Miller
|
0-0: Called Strike 0-1: Ball 1-1: Called Strike 1-2: Ball 2-2: Grounds into double play, 5-4-3 (Groundball, 5)
|
Bottom of the 3rd over - 0 run(s), 0 hit(s), 1 error(s), 2 left on base; Indiana 6 - Texas Tech 0 |
TOP OF THE 4TH |
Indiana Hoosiers batting - Pitching for Texas Tech Red Raiders : LHP Robbie Dodson
|
Batting: SHB Terry Christian
|
0-0: SINGLE (Groundball, 56D)
|
Batting: RHB Elwood López
|
0-0: Ball 1-0: Ball 2-0: Swinging Strike 2-1: Called Strike 2-2: Strikes out swinging Terry Christian steals 2nd base Batter strikes out.
|
Batting: RHB Stephen Concepción
|
0-0: Ball 1-0: Ball 2-0: Called Strike 2-1: Called Strike 2-2: SINGLE (Groundball, 56) Terry Christian to third Runner from 3rd tries for Home, throw and OUT! Stephen Concepción to second
|
Pitching: RHP José Fernández
|
|
Batting: RHB Curtis West
|
0-0: Fly out, F9 (Flyball, 89M)
|
Top of the 4th over - 0 run(s), 2 hit(s), 0 error(s), 1 left on base; Indiana 6 - Texas Tech 0 |
BOTTOM OF THE 4TH |
Texas Tech Red Raiders batting - Pitching for Indiana Hoosiers : RHP Jared Johnston
|
Now in CF: Mark Cornett
|
|
Batting: RHB Travis Ezell
|
0-0: Ball 1-0: Swinging Strike 1-1: Hit by Pitch
|
Batting: LHB Jorge Ramírez
|
0-0: Foul Ball, location: 2F 0-1: Ground out 5-3 (Groundball, 5S) Travis Ezell to second
|
Batting: SHB Andrés Cruz
|
0-0: Ball 1-0: Called Strike 1-1: Ground out 4-3 (Groundball, 4) Travis Ezell to third
|
Batting: RHB Cameron Irwin
|
0-0: SINGLE (Line Drive, 6MD) Travis Ezell scores
|
Batting: SHB Mike Miller
|
0-0: Called Strike 0-1: Foul Ball, location: 2F 0-2: Ball 1-2: Strikes out swinging
|
Bottom of the 4th over - 1 run(s), 1 hit(s), 0 error(s), 1 left on base; Indiana 6 - Texas Tech 1 |
TOP OF THE 5TH |
Indiana Hoosiers batting - Pitching for Texas Tech Red Raiders : RHP José Fernández
|
Batting: RHB Troy Johnson
|
0-0: Ball 1-0: Called Strike 1-1: Fly out, F5 (Popup, 5SF)
|
Batting: LHB Michael Hanson
|
0-0: Ball 1-0: Ball 2-0: Ground out 5-3 (Groundball, 5S)
|
Batting: RHB Will White
|
0-0: Called Strike 0-1: SOLO HOME RUN (Flyball, 8RXD), Distance : 386 ft
|
Batting: RHB Terry Pittman
|
0-0: SINGLE (Line Drive, 34D)
|
Batting: RHB Carl Rollins
|
0-0: Ball 1-0: Called Strike 1-1: Ground out 4-3 (Groundball, 4)
|
Top of the 5th over - 1 run(s), 2 hit(s), 0 error(s), 1 left on base; Indiana 7 - Texas Tech 1 |
BOTTOM OF THE 5TH |
Texas Tech Red Raiders batting - Pitching for Indiana Hoosiers : RHP Jared Johnston
|
Batting: RHB Greg Hansen
|
0-0: Foul Ball, location: 2F 0-1: Ball 1-1: Called Strike 1-2: Strikes out swinging
|
Batting: RHB Mark Joseph
|
0-0: Ball 1-0: Called Strike 1-1: Swinging Strike 1-2: Ball 2-2: Strikes out looking
|
Batting: RHB Josh Bergman
|
0-0: Foul Ball, location: 2F 0-1: Ball 1-1: Ball 2-1: Ground out 6-3 (Groundball, 6M)
|
Bottom of the 5th over - 0 run(s), 0 hit(s), 0 error(s), 0 left on base; Indiana 7 - Texas Tech 1 |
TOP OF THE 6TH |
Indiana Hoosiers batting - Pitching for Texas Tech Red Raiders : RHP José Fernández
|
Batting: RHB Mark Cornett
|
0-0: Ground out 4-3 (Groundball, 4)
|
Batting: RHB Elwood López
|
0-0: Ball 1-0: Ball 2-0: Foul Ball, location: 2F 2-1: Foul Ball, location: 2F 2-2: Fly out, F9 (Flyball, 9LM)
|
Batting: RHB Stephen Concepción
|
0-0: Ball 1-0: Called Strike 1-1: Swinging Strike 1-2: Ball 2-2: Ball 3-2: Strikes out looking
|
Top of the 6th over - 0 run(s), 0 hit(s), 0 error(s), 0 left on base; Indiana 7 - Texas Tech 1 |
BOTTOM OF THE 6TH |
Texas Tech Red Raiders batting - Pitching for Indiana Hoosiers : RHP Jared Johnston
|
Pitching: LHP Eric Franks
|
|
Batting: RHB Gary Miller
|
0-0: Called Strike 0-1: Called Strike 0-2: Ball 1-2: Foul Ball, location: 2F 1-2: Fly out, F8 (Flyball, 8RM)
|
Batting: RHB Travis Ezell
|
0-0: Ball 1-0: Ball 2-0: Ball 3-0: Called Strike 3-1: SOLO HOME RUN (Line Drive, 7LD), Distance : 318 ft
|
Batting: LHB Jorge Ramírez
|
0-0: Swinging Strike 0-1: Ball 1-1: Fly out, F5 (Popup, 5SF)
|
Batting: SHB Andrés Cruz
|
0-0: Swinging Strike 0-1: Called Strike 0-2: Strikes out swinging
|
Bottom of the 6th over - 1 run(s), 1 hit(s), 0 error(s), 0 left on base; Indiana 7 - Texas Tech 2 |
TOP OF THE 7TH |
Indiana Hoosiers batting - Pitching for Texas Tech Red Raiders : RHP José Fernández
|
Pitching: RHP Jeff Daniels
|
|
Batting: RHB Curtis West
|
0-0: Ball 1-0: Called Strike 1-1: Foul Ball, location: 2F 1-2: Foul Ball, location: 2F 1-2: Strikes out swinging
|
Batting: RHB Troy Johnson
|
0-0: Ball 1-0: Foul Ball, location: 2F 1-1: Ball 2-1: Ball 3-1: Base on Balls
|
Batting: LHB Michael Hanson
|
0-0: Grounds into double play, 5-4-3 (Groundball, 56)
|
Top of the 7th over - 0 run(s), 0 hit(s), 0 error(s), 0 left on base; Indiana 7 - Texas Tech 2 |
BOTTOM OF THE 7TH |
Texas Tech Red Raiders batting - Pitching for Indiana Hoosiers : LHP Eric Franks
|
Batting: RHB Cameron Irwin
|
0-0: Ball 1-0: Swinging Strike 1-1: Ball 2-1: Called Strike 2-2: Strikes out swinging
|
Batting: SHB Mike Miller
|
0-0: Ball 1-0: Ball 2-0: Ball 3-0: Base on Balls
|
Batting: RHB Greg Hansen
|
0-0: Ball 1-0: Called Strike 1-1: Swinging Strike 1-2: Strikes out swinging
|
Batting: RHB Mark Joseph
|
0-0: Ball 1-0: Ball 2-0: Fly out, F7 (Flyball, 7S)
|
Bottom of the 7th over - 0 run(s), 0 hit(s), 0 error(s), 1 left on base; Indiana 7 - Texas Tech 2 |
TOP OF THE 8TH |
Indiana Hoosiers batting - Pitching for Texas Tech Red Raiders : RHP Jeff Daniels
|
Batting: RHB Will White
|
0-0: Called Strike 0-1: Ball 1-1: Ground out 4-3 (Groundball, 4)
|
Batting: RHB Terry Pittman
|
0-0: Fly out, F4 (Popup, 4)
|
Batting: RHB Carl Rollins
|
0-0: Ground out 4-3 (Groundball, 4)
|
Top of the 8th over - 0 run(s), 0 hit(s), 0 error(s), 0 left on base; Indiana 7 - Texas Tech 2 |
BOTTOM OF THE 8TH |
Texas Tech Red Raiders batting - Pitching for Indiana Hoosiers : LHP Eric Franks
|
Pitching: RHP Evan Moore
|
|
Batting: RHB Josh Bergman
|
0-0: Ball 1-0: DOUBLE (Flyball, 78M)
|
Batting: RHB Gary Miller
|
0-0: Ball 1-0: Ball 2-0: Ball 3-0: Called Strike 3-1: Base on Balls
|
Batting: RHB Travis Ezell
|
0-0: Called Strike 0-1: Fly out, F7 (Flyball, 7LM)
|
Batting: LHB Jorge Ramírez
|
0-0: Foul Ball, location: 2F 0-1: Ball 1-1: Called Strike 1-2: Ball 2-2: Ball 3-2: Strikes out looking
|
Batting: SHB Andrés Cruz
|
0-0: Ball 1-0: Called Strike 1-1: Foul Ball, location: 2F 1-2: Ball 2-2: Foul Ball, location: 2F 2-2: Foul Ball, location: 2F 2-2: Ball 3-2: Base on Balls Josh Bergman to third Gary Miller to second
|
Batting: RHB Cameron Irwin
|
0-0: Called Strike 0-1: Ball 1-1: Swinging Strike 1-2: Ball 2-2: Strikes out swinging
|
Bottom of the 8th over - 0 run(s), 1 hit(s), 0 error(s), 3 left on base; Indiana 7 - Texas Tech 2 |
TOP OF THE 9TH |
Indiana Hoosiers batting - Pitching for Texas Tech Red Raiders : RHP Jeff Daniels
|
Now in LF: Royce Muńóz
|
|
Batting: RHB Mark Cornett
|
0-0: Foul Ball, location: 2F 0-1: Ball 1-1: Ground out U3 (Groundball, 3L)
|
Batting: RHB Elwood López
|
0-0: Ball 1-0: Swinging Strike 1-1: Called Strike 1-2: Strikes out swinging
|
Batting: RHB Stephen Concepción
|
0-0: Called Strike 0-1: Foul Ball, location: 2F 0-2: Ball 1-2: Ball 2-2: Ball 3-2: Foul Ball, location: 2F 3-2: Foul Ball, location: 2F 3-2: Foul Ball, location: 2F 3-2: Fly out, F7 (Flyball, 78S)
|
Top of the 9th over - 0 run(s), 0 hit(s), 0 error(s), 0 left on base; Indiana 7 - Texas Tech 2 |
BOTTOM OF THE 9TH |
Texas Tech Red Raiders batting - Pitching for Indiana Hoosiers : RHP Evan Moore
|
Batting: SHB Mike Miller
|
0-0: Ground out 6-3 (Groundball, 6MS)
|
Batting: RHB Greg Hansen
|
0-0: Ball 1-0: Ball 2-0: Foul Ball, location: 2F 2-1: SINGLE (Line Drive, 6MD)
|
Batting: RHB Mark Joseph
|
0-0: Ground out 4-3 (Groundball, 13) Greg Hansen to second
|
Batting: RHB Josh Bergman
|
0-0: Ball 1-0: Swinging Strike 1-1: Swinging Strike 1-2: Strikes out swinging
|
Bottom of the 9th over - 0 run(s), 1 hit(s), 0 error(s), 1 left on base; Indiana 7 - Texas Tech 2 |
|